AoeStats
← Katsu

Lombardia

510112905Analyzed
4v4 RM · 22h ago on Sep 29, 2026· 52m 59s· 8 players
Game mode
Random Map
Map size
Large (8 player)
Population
200
Speed
Normal
Resources
Standard
Victory
Conquest
Starting age
Dark Age
Ending age
Imperial Age
RankedLock teamsTeams togetherTeam positionsShared explorationLock speedFull tech treeHidden civsTurbo modeCheats
Victory
Defeat
🇨🇴 Franks · Colombia
1373
+13
🇵🇱 Ethiopians · Poland
1352
+14
🇮🇳 Saxons · India
1333
+15
🇪🇨 Persians · Ecuador
1330
+15
🇹🇼 Italians · Taiwan
1347
-16
🇹🇼 Britons · Taiwan
1324
-15
🇹🇼 Magyars · Taiwan
1304
-14
🇹🇼 Jurchens · Taiwan
1247
-12
Leobossy
2:16 Loom
37:39 Feudal Age
38:12 Horse Collar
38:21 Double-Bit Axe
41:34 Castle Age
41:42 Elite Skirmisher
42:59 Bow Saw
42:52 Heavy Plow
43:03 Fletching
43:40 Padded Archer Armor
46:02 Wheelbarrow
45:51 Bodkin Arrow
53:12 Leather Archer Armor
Seritzia
10:38 Feudal Age
15:01 Castle Age
13:56 Double-Bit Axe
16:38 Wheelbarrow
16:28 Bow Saw
21:41 Scale Barding Armor
21:26 Loom
25:05 Forging
25:00 Gold Mining
26:38 Husbandry
27:27 Gold Shaft Mining
27:40 Forging
28:07 Chain Barding Armor
29:02 Iron Casting
34:44 Hand Cart
37:47 Imperial Age
39:16 Plate Barding Armor
39:41 Blast Furnace
38:03 Cavalier
40:45 Caravan
40:39 Paladin
42:57 Town Watch
44:10 Conscription
44:00 Chivalry
44:31 Light Cavalry
46:52 Stone Mining
50:33 Masonry
50:21 Murder Holes
50:49 Ballistics
51:29 Chemistry
51:06 Hoardings
FreakinGorkha
6:23 Loom
8:51 Feudal Age
9:31 Double-Bit Axe
9:27 Horse Collar
21:10 Castle Age
20:06 Fletching
20:47 Scale Mail Armor
22:32 Bow Saw
22:34 Stone Mining
22:48 Squires
23:21 Chain Mail Armor
24:07 Heavy Plow
28:57 Forging
33:53 Wheelbarrow
37:33 Imperial Age
35:51 Bodkin Arrow
36:58 Hand Cart
37:51 Murder Holes
37:41 Capped Ram
38:14 Elite Varangian Guard
40:35 Conscription
39:42 Siege Ram
40:58 Plate Mail Armor
41:35 Iron Casting
42:31 Bracer
43:26 Arson
43:56 Pikeman
46:20 Coinage
45:26 Halberdier
49:20 Padded Archer Armor
51:26 Banking
50:56 Gambesons
Czotyn
6:53 Loom
9:20 Feudal Age
15:33 Fletching
22:35 Castle Age
20:49 Double-Bit Axe
20:47 Horse Collar
22:51 Crossbowman
23:37 Thumb Ring
25:42 Bodkin Arrow
27:13 Padded Archer Armor
27:51 Wheelbarrow
28:44 Bow Saw
30:06 Ballistics
33:05 Leather Archer Armor
37:31 Imperial Age
35:40 Town Watch
36:19 Heavy Plow
38:59 Conscription
38:45 Bracer
39:16 Ring Archer Armor
39:08 Town Patrol
39:23 Hand Cart
39:22 Arbalester
43:07 Chemistry
Katsu
6:57 Loom
9:35 Feudal Age
10:29 Double-Bit Axe
14:23 Horse Collar
18:53 Bloodlines
21:55 Castle Age
21:59 Light Cavalry
23:58 Bow Saw
24:04 Scale Barding Armor
24:41 Husbandry
27:11 Wheelbarrow
26:22 Town Watch
28:13 Forging
28:32 Heavy Plow
29:00 Chain Barding Armor
29:35 Hand Cart
34:47 Fletching
35:17 Fortified Bastions
36:59 Iron Casting
41:00 Imperial Age
39:39 Bodkin Arrow
40:49 Masonry
40:21 Treadmill Crane
42:19 Hoardings
42:18 Architecture
42:56 Conscription
44:05 Plate Barding Armor
44:30 Blast Furnace
45:44 Gold Mining
45:18 Elite Steppe Lancer
48:58 Conscription
ming.3idionts
6:16 Loom
8:42 Feudal Age
9:11 Double-Bit Axe
9:45 Horse Collar
17:37 Wheelbarrow
17:31 Town Watch
21:08 Castle Age
19:27 Scale Barding Armor
20:21 Bloodlines
21:14 Light Cavalry
23:43 Bow Saw
27:35 Husbandry
30:02 Chain Barding Armor
33:05 Stone Mining
33:05 Gold Mining
37:24 Imperial Age
35:40 Heavy Plow
38:56 Plate Barding Armor
39:15 Hand Cart
39:40 Cavalier
43:47 Gold Mining
44:12 Paladin
47:25 Hussar
Chia
5:19 Loom
10:02 Feudal Age
10:41 Double-Bit Axe
14:33 Fletching
17:43 Padded Archer Armor
20:19 Wheelbarrow
22:44 Castle Age
22:27 Gold Mining
23:37 Bodkin Arrow
23:20 Crossbowman
26:03 Leather Archer Armor
27:19 Ballistics
29:04 Bow Saw
30:00 Thumb Ring
33:05 Elite Skirmisher
35:50 Town Watch
41:16 Imperial Age
42:47 Bracer
43:30 Ring Archer Armor
47:17 Arbalester
chun
7:05 Loom
9:18 Feudal Age
14:31 Double-Bit Axe
21:30 Horse Collar
28:46 Castle Age
27:09 Gold Mining
29:18 Wheelbarrow
30:15 Bow Saw
30:21 Town Watch
32:08 Padded Archer Armor
32:02 Fletching
32:37 Ballistics
33:32 Heavy Plow
34:40 Bodkin Arrow
36:13 Padded Archer Armor
41:08 Imperial Age
42:02 Bracer
42:18 Leather Archer Armor
43:14 Chemistry
42:52 Crossbowman
43:57 Treadmill Crane
44:53 Conscription
45:49 Two-Man Saw
44:17 Arbalester
45:29 Ring Archer Armor
49:13 Caravan
Connection lost

Rejoining the realm…

Still unreachable

The connection could not be restored.

Session expired

The server has moved on; the page needs a fresh start.